Map: Apotheosis LE

Players

Renegade

  • Race: Protoss Protoss
  • League: Master

Stalker - Winner!

  • Race: Protoss Protoss
  • League: Diamond

VOD

Have the link to the VOD?

Description

Time

  • Played on: Sept. 13, 2016, 10:47 a.m.
  • Length: 7:53
Show
View Real Time Build Order
Export as new Build Order

Renegade Protoss 

Build Orders: 1 Gate Expand 

Get SALT Encoding   

  12  0:01  Probe (Chrono Boost)  
  13  0:11  Probe (Chrono Boost)  
  14  0:18  Pylon  
  14  0:22  Probe (Chrono Boost)  
  15  0:36  Probe (Chrono Boost)  
  15  0:40  Gateway  
  16  0:46  Probe (Chrono Boost)  
  16  0:48  Assimilator  
  17  0:57  Probe (Chrono Boost)  
  18  1:08  Probe (Chrono Boost)  
  20  1:18  Probe (Chrono Boost)  
  20  1:28  Cybernetics Core  
  20  1:29  Probe (Chrono Boost)  
  21  1:38  Nexus  
  21  1:44  Pylon  
  21  1:48  Probe (Chrono Boost)  
  21  1:53  Assimilator  
  22  1:59  Probe (Chrono Boost)  
  23  2:07  Adept  
  25  2:09  Probe (Chrono Boost)  
  25  2:13  Warp Gate  
  26  2:20  Probe (Chrono Boost)  
  27  2:31  Robotics Facility  
  27  2:32  Probe (Chrono Boost)  
  28  2:43  Probe (Chrono Boost)  
  29  2:52  Probe (Chrono Boost)  
  29  2:53  Probe (Chrono Boost)  
  31  3:03  Probe (Chrono Boost), Stalker  
  31  3:04  Probe (Chrono Boost)  
  35  3:09  Gateway  
  35  3:13  Probe (Chrono Boost)  
  35  3:14  Probe (Chrono Boost)  
  37  3:24  Probe (Chrono Boost)  
  37  3:29  Stalker  
  36  3:35  Mothership Core (Chrono Boost)  
  37  3:42  Probe (Chrono Boost)  
  33  3:54  Probe (Chrono Boost)  
  33  3:55  Stalker  
  34  4:03  Probe (Chrono Boost)  
  34  4:06  Probe (Chrono Boost)  
  35  4:14  Probe (Chrono Boost)  
  35  4:16  Observer  
  38  4:18  Probe (Chrono Boost)  
  38  4:27  Probe (Chrono Boost)  
  38  4:30  Probe (Chrono Boost), Pylon  
  40  4:38  Probe (Chrono Boost), Immortal  
  45  4:43  Probe (Chrono Boost)  
  46  4:48  Probe (Chrono Boost)  
  47  4:55  Probe (Chrono Boost), Pylon  
  47  4:59  Probe (Chrono Boost)  
  50  5:07  Probe (Chrono Boost)  
  50  5:08  Sentry x2  
  50  5:11  Pylon  
  50  5:13  Probe (Chrono Boost)  
  55  5:15  Pylon  
  55  5:17  Immortal  
  55  5:20  Probe (Chrono Boost)  
  60  5:23  Probe (Chrono Boost)  
  61  5:32  Probe (Chrono Boost)  
  61  5:34  Probe (Chrono Boost)  
  61  5:35  Twilight Council  
  63  5:37  Gateway  
  63  5:38  Gateway  
  62  5:44  Probe (Chrono Boost)  
  62  5:45  Probe (Chrono Boost)  
  64  5:50  Assimilator  
  64  5:53  Assimilator  
  64  5:54  Pylon  
  64  5:57  Probe (Chrono Boost)  
  65  5:58  Probe (Chrono Boost)  
  65  5:59  Observer  
  65  6:00  Pylon  
  67  6:09  Probe (Chrono Boost)  
  67  6:10  Gateway  
  67  6:11  Probe (Chrono Boost)  
  69  6:12  Gateway  
  69  6:27  Probe (Chrono Boost)  
  69  6:29  Probe (Chrono Boost)  
  69  6:31  Adept x2  
  69  6:32  Adept x2  
  79  6:45  Nexus  
  79  6:51  Adept  
  79  6:52  Adept x3  
  87  6:56  Probe (Chrono Boost)  
  87  6:57  Probe (Chrono Boost)  
  89  7:02  Robotics Bay  
  89  7:10  Robotics Facility  
  77  7:32  Stalker x5  
  77  7:33  Stalker  
Show
View Real Time Build Order
Export as new Build Order

Stalker Protoss - Winner!

Build Orders:  

Get SALT Encoding   

  12  0:01  Probe (Chrono Boost)  
  13  0:11  Probe (Chrono Boost)  
  14  0:21  Pylon  
  14  0:24  Probe (Chrono Boost)  
  15  0:39  Probe (Chrono Boost)  
  15  0:41  Gateway  
  17  0:50  Probe (Chrono Boost)  
  17  0:51  Assimilator  
  17  0:55  Assimilator  
  17  1:00  Probe (Chrono Boost)  
  18  1:09  Gateway  
  18  1:12  Probe (Chrono Boost)  
  19  1:24  Probe (Chrono Boost)  
  20  1:32  Cybernetics Core  
  20  1:34  Pylon  
  20  1:39  Probe (Chrono Boost)  
  21  1:49  Probe (Chrono Boost)  
  22  1:57  Warp Gate  
  22  2:00  Probe (Chrono Boost)  
  23  2:09  Adept  
  23  2:10  Probe (Chrono Boost), Adept  
  29  2:28  Mothership Core (Chrono Boost)  
  30  2:41  Nexus  
  30  2:49  Pylon  
  30  2:54  Probe (Chrono Boost)  
  31  3:07  Stalker  
  31  3:09  Probe (Chrono Boost)  
  31  3:12  Stalker  
  36  3:28  Probe (Chrono Boost)  
  38  3:46  Robotics Facility  
  39  3:49  Probe (Chrono Boost)  
  39  4:01  Probe x2 (Chrono Boost)  
  37  4:05  Adept x2  
  39  4:13  Probe (Chrono Boost)  
  39  4:16  Twilight Council  
  40  4:18  Gateway  
  40  4:23  Probe (Chrono Boost)  
  41  4:25  Gateway  
  41  4:29  Probe (Chrono Boost)  
  41  4:31  Sentry  
  44  4:32  Sentry  
  44  4:34  Probe (Chrono Boost), Observer  
  48  4:41  Probe (Chrono Boost)  
  48  4:42  Resonating Glaives  
  48  4:44  Pylon  
  50  4:54  Immortal  
  54  5:00  Probe (Chrono Boost)  
  54  5:04  Probe (Chrono Boost)  
  54  5:06  Adept  
  57  5:09  Adept  
  57  5:14  Probe (Chrono Boost)  
  60  5:18  Adept  
  62  5:26  Gateway  
  62  5:27  Gateway  
  62  5:34  Pylon  
  62  5:45  Probe (Chrono Boost)  
  62  5:47  Immortal  
  62  5:48  Pylon  
  62  5:52  Pylon  
  62  5:54  Probe (Chrono Boost)  
  68  5:57  Probe (Chrono Boost), Adept  
  68  6:03  Pylon  
  70  6:04  Pylon  
  70  6:07  Adept  
  70  6:10  Adept  
  74  6:15  Adept  
  77  6:20  Probe x2 (Chrono Boost)  
  77  6:21  Assimilator  
  77  6:23  Warp Prism  
  78  6:29  Adept  
  78  6:31  Sentry  
  84  6:35  Adept  
  84  6:38  Adept  
  84  6:39  Sentry  
  90  6:46  Forge  
  90  6:53  Pylon  
  90  6:54  Assimilator  
  90  6:55  Pylon  
  90  7:00  Adept x2  
  94  7:04  Adept  
  94  7:07  Adept  
  98  7:11  Probe (Chrono Boost), Observer  
  98  7:14  Probe (Chrono Boost)  
  101  7:17  Adept  
  103  7:27  Adept  
  97  7:36  Adept x4  
Tags
 
Add a new tag
Caveats
  • Supply blocks, unpowered buildings, or Contaminate may cause inaccurate times.
  • Supply counts are checked every 10 seconds.